Tangles, chaotic female sylph Rogue --------- |.......| |.......| ------ |.._.sE*| |*.... ... ... |.......| #.....| ......... --------- #|..... .......<..| #-.---- ....[...%.| ### ..........| ### +-.------- # # # #### # ###### # # --------# # # # ### |..***.|# `####[####### # |..*...|# # --.--# ### ......*.# ##-...|########## -------- |.*.| -.-. |...| |....| ----- |$$$$+ ------ Tangles the Pilferer Experience level: 10 Strength: 16 Dexterity: 17 Constitution: 17 Intelligence: 13 Wisdom: 10 Charisma: 7 Health: 0(91) Energy: 51(51) Def: 10 Gold: 596 Moves: 15571 Dungeon seed: yhWZs9wtTyKv2paE Game ID: Tangles_1467802299 Your Inventory: Coins $ - 596 gold pieces Amulets j - an uncursed amulet of reflection (being worn) Weapons L - 15 +0 daggers (in quiver) M - a +0 boomerang S - a +0 dwarvish short sword named +0 (weapon in hand) Armor e - an uncursed +0 pair of leather gloves z - an uncursed +0 cloak of protection (being worn) Comestibles x - an uncursed lizard corpse named The Lizard of Yendor Q - an uncursed partly eaten food ration Scrolls m - an uncursed scroll of gold detection E - an uncursed scroll of light I - an uncursed scroll of teleportation Spellbooks U - an uncursed spellbook of cure sickness Z - a blessed spellbook of knock Rings o - an uncursed ring of free action V - an uncursed ring of conflict Wands f - a wand of slow monster (0:7) h - a wand of undead turning (0:6) k - a wand of striking (0:1) q - a wand of nothing (0:8) r - a wand of fire (0:7) v - a wand of probing (0:7) y - a wand of magic missile (0:3) A - a wand of enlightenment (0:12) G - a wand of digging (0:3) H - a wand of cold (0:6) O - a wand of sleep (0:8) W - a wand of nothing (0:4) Tools a - an uncursed magic whistle c - an uncursed stethoscope d - a +0 unicorn horn l - an uncursed skeleton key n - an uncursed blindfold w - an uncursed figurine of a balrog F - a blessed bag of holding P - an uncursed oilskin sack R - an uncursed partly used tallow candle (0:89) Gems J - an uncursed worthless piece of white glass N - a blessed luckstone Y - 2 uncursed worthless pieces of blue glass Contents of the bag of holding: 77 gold pieces an uncursed K-ration an uncursed clove of garlic 4 uncursed cream pies 4 uncursed eggs an uncursed eucalyptus leaf an uncursed food ration 5 uncursed fortune cookies 2 uncursed lembas wafers an uncursed lizard corpse 2 uncursed sprigs of wolfsbane 4 uncursed tripe rations 9 uncursed scrolls of blank paper an uncursed scroll of charging 4 uncursed scrolls of confuse monster 2 uncursed scrolls of create monster an uncursed scroll of create monster 2 cursed scrolls of create monster a blessed scroll of earth an uncursed scroll of earth 2 uncursed scrolls of enchant armor a blessed scroll of enchant weapon 2 uncursed scrolls of enchant weapon an uncursed scroll of genocide an uncursed scroll of gold detection 6 uncursed scrolls of identify a cursed scroll of identify an uncursed scroll of light an uncursed scroll of magic mapping 2 uncursed scrolls of remove curse an uncursed scroll of taming a cursed scroll of taming 4 uncursed scrolls of teleportation a cursed scroll of teleportation an uncursed scroll of water an uncursed spellbook of detect treasure 2 uncursed potions of extra healing an uncursed potion of gain energy an uncursed potion of gain energy 2 uncursed potions of healing a cursed potion of healing 6 potions of holy water an uncursed potion of monster detection 3 blessed potions of object detection an uncursed potion of oil 2 uncursed potions of speed an uncursed ring of free action an uncursed ring of free action named nc an uncursed ring of polymorph control named nc an uncursed ring of polymorph control named nc an uncursed ring of stealth named nc a wand of opening (0:3) a wand of speed monster (0:5) a wand of speed monster (0:5) a magic marker (0:31) an uncursed oil lamp (0:737) a +0 pick-axe 4 uncursed wax candles (0:400) Spells and supernatural/magical abilities: Name Level Category Fail Memory m - magic missile 2 attack 52% 44% p - protection 1 clerical 36% 44% t - teleport away 6 escape 100% 86% w - wizard lock 2 matter 52% 44% z - sleep 1 enchantment 36% 44% E - detect food 2 divination 52% 73% H - haste self 3 escape 100% 45% K - cure sickness 3 healing 44% 100% T - turn undead 6 clerical 100% 57% W - pray for help -- divine ? -- Your skills at the end: Miscellaneous Skills wands [Basic] Weapon Skills dagger [Expert] short sword [Skilled] Spellcasting Skills healing spells [Basic] Final Attributes: You were piously aligned. You were sleep resistant. You saw invisible. You were telepathic. You had automatic searching. You had infravision. You were displaced. You were stealthy. You were protected. You were protected from shape changers. You were fast. You had reflection. You were lucky. You had extra luck. Good luck did not time out for you. You are dead. Vanquished creatures: 2 giant mimics a long worm a giant mummy a black naga a giant zombie 3 wargs a small mimic an ettin mummy a pyrolisk 6 freezing spheres 2 shocking spheres a tiger 2 gargoyles 3 tengu an ochre jelly 2 chameleons a crocodile an energy vortex an elf mummy a cobra a wraith 2 ettin zombies a leather golem a Grey-elf 3 soldiers a giant beetle 2 cockatrices 6 wolves 2 lynxes a panther 7 leprechauns a quivering blob 4 lizards 4 mountain nymphs 3 giant spiders an iron piercer 3 ice vortices a black light a vampire bat a forest centaur 4 gnome kings 5 orc mummies 3 dwarf mummies a brown pudding 2 rust monsters 2 owlbears 2 gold golems a werewolf 3 chickatrices a dingo 5 jaguars a dwarf lord 2 blue jellies 2 water nymphs 2 white unicorns 3 dust vortices 2 ravens 4 gnome mummies a snake 5 apes 2 rope golems 2 soldier ants 2 fire ants a baby crocodile a wood nymph 2 Mordor orcs 11 Uruk-hai 3 orc shamans a rock mole 2 rock piercers a pony a fog cloud 2 yellow lights 3 shriekers a violet fungus 13 gnome lords 5 gnomish wizards 2 kobold mummies a red naga hatchling 2 guardian naga hatchlings 2 gray oozes 6 elf zombies 3 ghouls 2 straw golems 3 paper golems 6 giant ants a little dog 5 floating eyes 5 kittens 17 dwarves 2 kobold lords 3 kobold shamans 8 iguanas 3 hill orcs 4 rothes 3 rabid rats a centipede 3 giant bats 2 orc zombies 4 dwarf zombies 2 wererats 4 werejackals 10 killer bees 3 coyotes 8 gas spores 4 hobbits 5 acid blobs 3 large kobolds 7 geckos 2 hobgoblins 8 giant rats 7 cave spiders 4 brown molds 4 yellow molds 2 green molds 2 red molds 56 gnomes 2 garter snakes 7 manes 3 gnome zombies 13 jackals 4 foxes 2 kobolds 8 newts 8 sewer rats 10 grid bugs 5 bats 4 lichens 2 kobold zombies 470 creatures vanquished. Voluntary challenges: You had followed a strict vegan diet until turn 1936. You had followed a strict vegetarian diet until turn 1936. You used a wielded weapon 747 times, starting on turn 58. You read items or engraved 126 times, starting on turn 1799. You never genocided any monsters. You never polymorphed an object. You never changed form. You completed Sokoban on turn 8591, according to the rules. You used no wishes. You never split a pudding. You wrote Elbereth's name 9 times, starting on turn 1799. You violated your moral code, losing 2 points of alignment, starting on turn 1936. Dungeon overview: The Dungeons of Doom: levels 1 to 14 Level 1 a fountain a long staircase Level 2 a fountain Level 3 stairs to The Gnomish Mines Level 4 an altar to Kos, a fountain Level 5 Level 6 Level 7 a fountain Level 8 (v) a general store, a sink Level 9 many fountains Level 10 a fountain stairs to Sokoban Level 11 (v) a fountain Level 12 some sinks Level 13 Level 14 <- You were here an altar to Kos The Gnomish Mines: levels 4 to 11 Level 4 stairs to The Dungeons of Doom Level 5 Level 6 Level 7 many shops, a temple to Issek, a magic chest, some fountains Level 8 Level 9 Level 10 Level 11 many altars to Moloch, a magic chest, some fountains Sokoban: levels 6 to 9 Level 6 a magic chest Level 7 Level 8 Level 9 a magic chest stairs to The Dungeons of Doom History has recorded: On T:1 you entered the Dungeons of Doom to retrieve the Amulet of Yendor! On T:131 you reached level 2 of The Dungeons of Doom. On T:371 you reached level 3 of The Dungeons of Doom. On T:682 you reached level 1 of The Gnomish Mines. On T:794 you reached level 4 of The Dungeons of Doom. On T:940 you advanced to experience level 2. On T:1010 you advanced to experience level 3. On T:1030 you advanced to experience level 4. On T:1203 you reached level 2 of The Gnomish Mines. On T:1294 you advanced to experience level 5. On T:1562 you reached level 3 of The Gnomish Mines. On T:1728 you advanced to experience level 6. On T:1802 you reached level 4 of The Gnomish Mines. On T:1871 you opened a magic chest. On T:1879 you opened a magic chest. On T:1898 you entered the Minetown temple On T:2446 you advanced to experience level 7. On T:3498 you opened a magic chest. On T:3499 you opened a magic chest. On T:4343 you opened a magic chest. On T:4344 you opened a magic chest. On T:4346 you opened a magic chest. On T:4394 you opened a magic chest. On T:4775 you reached level 5 of The Dungeons of Doom. On T:4781 you reached level 6 of The Dungeons of Doom. On T:4798 you advanced to experience level 8. On T:5262 you reached level 7 of The Dungeons of Doom. On T:5630 you reached level 8 of The Dungeons of Doom. On T:5747 you reached level 9 of The Dungeons of Doom. On T:6356 you reached level 10 of The Dungeons of Doom. On T:6412 you reached level 11 of The Dungeons of Doom. On T:6564 you reached level 4 of Sokoban. On T:6848 you opened a magic chest. On T:6892 you opened a magic chest. On T:6893 you opened a magic chest. On T:6901 you reached level 3 of Sokoban. On T:7461 you reached level 2 of Sokoban. On T:7845 you reached level 1 of Sokoban. On T:8591 you advanced to experience level 9. On T:8591 you entered the Sokoban zoo. On T:8692 you opened a magic chest. On T:8692 you opened a magic chest. On T:8693 you opened a magic chest. On T:8999 you reached level 12 of The Dungeons of Doom. On T:10321 you reached level 13 of The Dungeons of Doom. On T:10468 you opened a magic chest. On T:10471 you opened a magic chest. On T:10471 you opened a magic chest. On T:11221 you opened a magic chest. On T:11254 you opened a magic chest. On T:11489 you reached level 5 of The Gnomish Mines. On T:11832 you reached level 6 of The Gnomish Mines. On T:12111 you reached level 7 of The Gnomish Mines. On T:12122 you advanced to experience level 10. On T:12206 you reached level 8 of The Gnomish Mines. On T:12206 you reached the bottom of the Mines. On T:12547 you opened a magic chest. On T:12589 you opened a magic chest. On T:12593 you opened a magic chest. On T:12655 you opened a magic chest. On T:13334 you opened a magic chest. On T:13336 you opened a magic chest. On T:13392 you opened a magic chest. On T:14167 you opened a magic chest. On T:15407 you reached level 14 of The Dungeons of Doom. Score breakdown: Gold: 673 ( 67 points) Experience: 10 levels ( 900 points) Exploration: 14 levels ( 390 points) Discoveries: 37 items ( 1850 points) Variety of kills: 129 monsters ( 2000 points) Major goal: Sokoban/Mines ( 1500 points) Survival: died (score multiplied by 3) Total score: 20121 Latest messages: The scorpion claws you! (2x) The scorpion stings! The scorpion claws you! (2x) The scorpion just misses! The scorpion claws you! (2x) The scorpion stings! The scorpion claws you! (2x) The scorpion stings! The scorpion claws you! (2x) The scorpion stings! The scorpion claws you! (2x) The scorpion stings! The scorpion claws you! (2x) The scorpion stings! The scorpion claws you! (2x) The scorpion stings! The scorpion claws you! (2x) The scorpion stings! The scorpion claws you! You die... The oilskin sack is empty. The oilskin sack is empty. Final status: Goodbye Tangles the Rogue, killed by a scorpion, while frozen by a spellbook... You died in The Dungeons of Doom on dungeon level 14 with 20121 points, and 673 pieces of gold, after 15571 moves. You were level 10 with a maximum of 91 hit points when you died.